 Dungeon Sprint DCSS version 0.17-a0-1056-g838d5c0 (webtiles) character file.

1700000 Vrock the Wrestler (level 15, -39/105 HPs)
             Began as a Gargoyle Gladiator on May 16, 2015.
             Was a Believer of Makhleb.
             Annihilated by a meat berserker
             ... wielding a +9 battleaxe
              (42 damage)
             ... in the Dungeon (Sprint VIII: "Arena of Blood").
             The game lasted 00:00:39 (17 turns).

Vrock the Wrestler (Gargoyle Gladiator)               Turns: 17, Time: 00:00:40

Health: -39/105    AC: 15    Str: 24    XL:     15   Next: 64%
Magic:  15/15      EV: 21    Int: 10    God:    Makhleb [**....]
Gold:   0          SH:  0    Dex: 10    Spells: 0 memorised, 14 levels left

rFire  . . .     SeeInvis .     k - +∞ Axe of Woe
rCold  . . .     Clarity  .     a - +0 leather armour
rNeg   + . .     SustAb   .     (no shield)
rPois  ∞         Gourm    .     b - +0 helmet
rElec  +         Spirit   .     (no cloak)
rCorr  .         Warding  .     (no gloves)
rMut   .         NoTele   +     (no boots)
MR     +....                    (no amulet)
Stlth  +.........               (no ring)
                                (no ring)

@: somewhat resistant to hostile enchantments, very unstealthy
A: big wings, negative energy resistance 1, electricity resistance, unbreathing,
petrification resistance, rot immunity, AC +11
a: Fly, Minor Destruction, Renounce Religion


You were in the Dungeon.
You worshipped Makhleb.
Makhleb was pleased with you.
You were not hungry.

You visited 1 branch

Inventory:

Hand weapons
 k - the +∞ Axe of Woe (weapon)
   (You found it in the Dungeon)
Missiles
 c - 3 throwing nets (quivered)
Armour
 a - a +0 leather armour (worn)
 b - a +0 helmet (worn)
Scrolls
 j - a scroll of blinking
Potions
 e - a potion of curing
 f - a potion of heal wounds
 g - a potion of haste
 h - 2 potions of magic
 i - a potion of berserk rage
Comestibles
 d - a bread ration


   Skills:
 + Level 16.4 Fighting
 + Level 3.1 Axes
 + Level 15.0 Throwing
 + Level 1.9 Armour
 + Level 22.0 Dodging
 + Level 25.2 Unarmed Combat


You had 14 spell levels left.
You didn't know any spells.

Dungeon Overview and Level Annotations

Branches:
Dungeon (1/1)

Altars:
Makhleb


Innate Abilities, Weirdness & Mutations

You are resistant to torment.
Your stone body is resilient (AC +11).
You are immune to poison.
Your large and strong wings let you fly indefinitely.
You resist negative energy.
You are resistant to electric shocks.
You can survive without breathing.
You are immune to petrification.
You are immune to rotting.


Message History

You feel stronger.
You hear a shout! x14
The bag of meat hits you with a +9 war axe!!!
* * * LOW HITPOINT WARNING * * *
You hear a shout!
A bag of meat comes into view. It is wielding a +9 war axe.
The bag of meat shouts!
You hit the bag of meat. You chop the bag of meat into pieces.
You kill the bag of meat!
Makhleb accepts your kill.
You can now harness Makhleb's destructive might.
Your Fighting skill increases to level 16!
Your Axes skill increases to level 3!
Your Throwing skill increases to level 15!
Your Armour skill increases to level 1!
Your Dodging skill increases to level 22!
Your Unarmed Combat skill increases to level 25!
You hear a shout! x2
The meat berserker hits you with a +9 battleaxe!!!
You die...

#... .# . #...
..# ...###...
O.###.
........###......
#.. ....._......
.... #.....#
..... #_)<._#
......#O....#..
#......@._......
.......)###......
...###... ..###.
.. #..oo ..#
#..... .#
.........
..o.....
..........


You could see 2 meat berserkers and 3 bags of meat.

Vanquished Creatures
  2 ogres (D)
  2 orcs (D)
4 creatures vanquished.

Notes
Turn   | Place    | Note
--------------------------------------------------------------
     0 | D        | Vrock the Gargoyle Gladiator began the quest for the Orb.
     0 | D        | Reached XP level 1. HP: 12/12 MP: 1/1
     3 | D        | Noticed a bag of meat
     4 | D        | Became a worshipper of Makhleb the Destroyer
     7 | D        | Noticed a meat berserker
    11 | D        | Killed a meat berserker
    11 | D        | Reached skill level 12 in Fighting
    11 | D        | Reached skill level 17 in Dodging
    11 | D        | Reached skill level 20 in Unarmed Combat
    11 | D        | Reached XP level 2. HP: 14/31 MP: 2/2
    11 | D        | Reached XP level 3. HP: 16/36 MP: 3/3
    11 | D        | Reached XP level 4. HP: 18/41 MP: 4/4
    11 | D        | Reached XP level 5. HP: 20/46 MP: 5/5
    11 | D        | Reached XP level 6. HP: 22/52 MP: 6/6
    11 | D        | Reached XP level 7. HP: 23/56 MP: 7/7
    11 | D        | Reached XP level 8. HP: 25/62 MP: 8/8
    11 | D        | Reached XP level 9. HP: 27/67 MP: 9/9
    11 | D        | Reached XP level 10. HP: 29/72 MP: 10/10
    11 | D        | Reached XP level 11. HP: 31/77 MP: 11/11
    11 | D        | Reached XP level 12. HP: 33/82 MP: 12/12
    11 | D        | Reached XP level 13. HP: 35/87 MP: 13/13
    12 | D        | Noticed a bag of meat
    12 | D        | Noticed a bag of meat
    12 | D        | Noticed a meat berserker
    14 | D        | Noticed a meat berserker
    15 | D        | Noticed a bag of meat
    16 | D        | Noticed a bag of meat
    16 | D        | Noticed a bag of meat
    16 | D        | Killed a meat berserker
    16 | D        | Acquired Makhleb's first power
    16 | D        | Reached skill level 1 in Axes
    16 | D        | Reached skill level 23 in Unarmed Combat
    16 | D        | Gained mutation: Your large and strong wings let you fly indefinitely. [Gargoyle growth]
    16 | D        | Reached XP level 14. HP: 37/96 MP: 14/14
    16 | D        | Killed a bag of meat
    16 | D        | Reached skill level 15 in Fighting
    16 | D        | Reached skill level 24 in Unarmed Combat
    16 | D        | Reached XP level 15. HP: 38/103 MP: 15/15
    16 | D        | HP: 2/103 [bag of meat/+9 war axe (36)]
    17 | D        | Noticed a bag of meat
    17 | D        | Killed a bag of meat
    17 | D        | Acquired Makhleb's second power
    17 | D        | Reached skill level 15 in Throwing
    17 | D        | Reached skill level 1 in Armour
    17 | D        | Reached skill level 25 in Unarmed Combat
    17 | D        | Annihilated by a meat berserker

Vault maps used:
D:        meatsprint

Action                   |  1- 3 |  4- 6 |  7- 9 | 10-12 | 13-15 || total
-------------------------+-------+-------+-------+-------+-------++-------
Melee: Executioner's axe |     1 |       |       |       |     2 ||     3
